 Dungeon Sprint DCSS version 0.29-a0-775-g4d7333d4e2 (webtiles) character file.

Game seed: 2460476263939107720

4428 mhtbhm the Imperceptible (level 10, -12/69 HPs)
             Began as a Spriggan Enchanter on July 1, 2022.
             Was the Champion of Dithmenos.
             Mangled by Edmund
             ... wielding a +2 great mace of freezing
              (14 damage)
             ... in the Dungeon (Sprint III: "The Ten Rune Challenge").
             The game lasted 00:05:16 (750 turns).

mhtbhm the Imperceptible (Spriggan Enchanter)        Turns: 750, Time: 00:05:16

Health: -12/69     AC:  2    Str:  4    XL:     10   Next: 14%
Magic:  18/24      EV: 24    Int: 17    God:    Dithmenos [******]
Gold:   1935       SH:  0    Dex: 20    Spells: 16/27 levels left

rFire   . . .      SeeInvis +   a - +2 dagger (venom)
rCold   . . .      Faith    .   (no shield)
rNeg    . . .      Spirit   .   b - +0 robe
rPois   .          Reflect  .   (helmet restricted)
rElec   .          Harm     .   (no cloak)
rCorr   .          Rampage  .   (gloves unavailable)
Will    +....      NoTele   +   (boots unavailable)
Stlth   ..........              (no amulet)
HPRegen 0.21/turn               (no ring)
MPRegen 0.19/turn               (no ring)

@: berserking (expiring), slowed, wreathed by umbra, very quick
A: very small, no large weapons, unfitting armour, see invisible, speed 3
a: Renounce Religion, Shadow Step, Shadow Form


You were in the Dungeon.
You worshipped Dithmenos.
Dithmenos was exalted by your worship.
You visited 1 branch You collected 2262 gold pieces.
You spent 327 gold pieces at shops.

Inventory:

Hand Weapons
 a - a +2 dagger of venom (weapon)
Armour
 b - a +0 robe (worn)
Wands
 p - a wand of flame (8)
 s - a wand of polymorph (9)
Scrolls
 i - a scroll of blinking
 k - 2 scrolls of poison {unknown}
 l - a scroll of magic mapping {unknown}
 n - 2 scrolls of identify {unknown}
Potions
 c - a potion of invisibility
 d - 2 potions of curing
 f - a potion of haste
 g - 2 potions of magic
 h - 2 potions of berserk rage
 j - 2 potions of lignification {unknown}
 m - 3 potions of flight
 o - 6 potions of mutation
 q - a potion of might
Miscellaneous
 r - a phial of floods


   Skills:
 + Level 1.4 Fighting
 + Level 8.0 Short Blades
 + Level 9.4 Dodging
 + Level 25.8 Stealth
 + Level 9.2 Spellcasting
 + Level 0.4 Conjurations
 + Level 12.6 Hexes
 + Level 2.2 Ice Magic
 + Level 0.5 Invocations


You had 16 spell levels left.
You knew the following spells:

 Your Spells              Type           Power      Damage    Failure   Level
a - Ensorcelled Hibernat  Hex/Ice        66%        N/A       1%          2
b - Confusing Touch       Hex            50%        N/A       1%          3
c - Tukima's Dance        Hex            50%        N/A       1%          3
d - Dazzling Flash        Conj/Hex       60%        N/A       1%          3

Your spell library contained the following spells:

 Spells                   Type           Power      Damage    Failure   Level
 Static Discharge         Conj/Air       8%         3-4/arc   13%         2
 Stone Arrow              Conj/Erth      16%        3d8       26%         3
 Animate Armour           Summ/Erth      14%        N/A       67%         4
 Lightning Bolt           Conj/Air       4%         1d15      93%         5
 Lehudib's Crystal Spear  Conj/Erth      4%         10d3      100%        8
 Maxwell's Capacitive Co  Air            3%         ∞         100%        8


Dungeon Overview and Level Annotations

Branches:
Dungeon (1/1)

Altars:
Cheibriados
Dithmenos
Elyvilon
Fedhas
Gozag
Hepliaklqana
Kikubaaqudgha
Makhleb
Nemelex Xobeh
Okawaru
Qazlal
Ru
Sif Muna
Trog
Uskayaw
Vehumet
Wu Jian
Xom
Yredelemnul
Zin
The Shining One
Beogh
Jiyva
Lugonu

Shops:
D *

Annotations:
D Edmund, Sigmund


Innate Abilities, Weirdness & Mutations

You are very small and have problems with some larger weapons.
You are too small for most types of armour.
You have supernaturally acute eyesight. (SInv)
You cover ground extremely quickly. (Speed+++)


Message History

You feel yourself moving faster!
You feel mighty!
Edmund shouts!
Edmund is no longer blind.
Sigmund hits you with a +0 scythe of distortion.
You closely miss Edmund.
Edmund is heavily wounded.
Edmund closely misses you. Sigmund closely misses you.
You closely miss Sigmund. Edmund misses you.
You puncture Sigmund!
Sigmund is poisoned.
Sigmund is lightly wounded.
You closely miss Sigmund.
Sigmund is lightly wounded.
Edmund misses you.
Sigmund casts a spell.
Sigmund flickers and vanishes for a moment.
You closely miss Edmund.
Edmund is heavily wounded.
Your shadow hits Edmund with a dagger. You puncture Edmund!
Edmund is heavily wounded.
Edmund misses you.
Sigmund points at you and mumbles some strange words.
The lance of force hits you!
You are knocked back by the lance of force.
You slam into the rock wall!
* * * LOW HITPOINT WARNING * * *
Unknown command.
You feel a strong urge to attack something.
You puncture Sigmund!
Sigmund is moderately wounded.
Your shadow hits Sigmund with a dagger. Edmund closely misses you.
Sigmund barely misses you.
Unknown command.
You puncture Edmund!
Edmund is severely wounded.
You barely miss Edmund.
Edmund is severely wounded.
Your shadow closely misses Edmund.
Edmund hits you with a +2 great mace of freezing!
You die...

####################
..#)#)#)....#......+
#.)#.##.###.#......#
.#.#.##.#).##^..^..#
.#..#..##.)'^.§.§..#
▓▓▓▓▓▓▓▓▓▓▓#^...§..#
.....≈≈≈...#.§§§.^.#
≈≈≈≈≈≈≈♣♣P.'.§§@§..#
♣♣♣♣♣♣♣♣♣PP#^§§@@§§#
♣♣♣##§###### #§§§+
#§§§# #§§§# #####


You could see Edmund and Sigmund (invisible, very poisoned).

Vanquished Creatures
  Erolcha (D)
  An orc high priest (D)
  A deep elf pyromancer (D)
  3 wandering mushrooms (D)
  A shadow (D)
  2 redbacks (D)
  A spatial vortex (D)
  2 orc warriors (D)
  5 two-headed ogres (D)
  A necrophage (D)
  A water elemental (D)
  A scorpion (D)
  A jelly (D)
  4 orc priests (D)
  A wizard (D)
  A necromancer (D)
  4 orc wizards (D)
  A kobold demonologist (D)
  3 humans (D)
  5 orcs (D)
  An endoplasm (D)
  3 rats (D)
44 creatures vanquished.

Vanquished Creatures (others)
  2 orcs (D)
2 creatures vanquished.

Grand Total: 46 creatures vanquished

Notes
Turn   | Place    | Note
-------+----------+-------------------------------------------
     0 | D        | mhtbhm the Spriggan Enchanter began the quest for the Orb.
     0 | D        | Reached XP level 1. HP: 9/9 MP: 5/5
    10 | D        | Reached skill level 5 in Stealth
   117 | D        | Noticed a scorpion
   120 | D        | Killed a scorpion
   121 | D        | Reached skill level 8 in Stealth
   121 | D        | Reached XP level 2. HP: 13/13 MP: 6/8
   121 | D        | Reached XP level 3. HP: 16/16 MP: 6/9
   125 | D        | Reached XP level 4. HP: 21/21 MP: 7/11
   166 | D        | Learned a level 2 spell: Ensorcelled Hibernation
   170 | D        | Learned a level 3 spell: Confusing Touch
   174 | D        | Learned a level 3 spell: Tukima's Dance
   178 | D        | Learned a level 3 spell: Dazzling Flash
   180 | D        | Noticed a water elemental
   183 | D        | Killed a water elemental
   184 | D        | Reached skill level 5 in Dodging
   184 | D        | Reached skill level 10 in Stealth
   196 | D        | Found a shadowy altar of Dithmenos.
   196 | D        | Noticed a necrophage
   197 | D        | Found a basalt altar of Yredelemnul.
   197 | D        | Found a sacrificial altar of Ru.
   199 | D        | Reached skill level 5 in Spellcasting
   199 | D        | Reached XP level 5. HP: 25/25 MP: 11/13
   200 | D        | Reached skill level 11 in Stealth
   205 | D        | Became a worshipper of Dithmenos the Shadowed
   222 | D        | Found a radiant altar of Vehumet.
   223 | D        | Found a shimmering blue altar of Sif Muna.
   223 | D        | Found an ancient bone altar of Kikubaaqudgha.
   225 | D        | Reached skill level 12 in Stealth
   243 | D        | Found a glowing silver altar of Zin.
   244 | D        | Found a glowing golden altar of the Shining One.
   244 | D        | Found a white marble altar of Elyvilon.
   244 | D        | Noticed a deep elf pyromancer
   246 | D        | Killed a deep elf pyromancer
   246 | D        | Reached * piety under Dithmenos
   247 | D        | Reached skill level 5 in Short Blades
   247 | D        | Reached skill level 16 in Stealth
   247 | D        | Reached skill level 10 in Hexes
   247 | D        | Reached XP level 6. HP: 29/29 MP: 14/16
   247 | D        | Reached XP level 7. HP: 32/32 MP: 14/17
   260 | D        | Found a hide-covered altar of Uskayaw.
   260 | D        | Found an iron altar of Okawaru.
   261 | D        | Found a bloodstained altar of Trog.
   261 | D        | Found an ornate altar of the Wu Jian Council.
   261 | D        | Noticed a human
   261 | D        | Noticed a human
   263 | D        | Killed a human
   264 | D        | Reached skill level 1 in Fighting
   264 | D        | Reached skill level 17 in Stealth
   265 | D        | Killed a human
   300 | D        | Noticed a shadow
   302 | D        | Killed a shadow
   302 | D        | Reached ** piety under Dithmenos
   303 | D        | Reached skill level 18 in Stealth
   303 | D        | Reached XP level 8. HP: 37/37 MP: 19/19
   395 | D        | Found a blossoming altar of Fedhas.
   395 | D        | Found a stormy altar of Qazlal.
   396 | D        | Found a snail-covered altar of Cheibriados.
   396 | D        | Found a burning altar of Makhleb.
   396 | D        | Found a hazy altar of Hepliaklqana.
   396 | D        | Found a shimmering altar of Xom.
   396 | D        | Found an opulent altar of Gozag.
   396 | D        | Found a sparkling altar of Nemelex Xobeh.
   396 | D        | Found a corrupted altar of Lugonu.
   396 | D        | Found a viscous altar of Jiyva.
   420 | D        | Reached skill level 19 in Stealth
   421 | D        | Reached *** piety under Dithmenos
   427 | D        | Noticed a two-headed ogre
   430 | D        | Killed a two-headed ogre
   431 | D        | Reached skill level 20 in Stealth
   434 | D        | Noticed a two-headed ogre
   434 | D        | Noticed Erolcha
   436 | D        | Killed Erolcha
   437 | D        | Reached skill level 22 in Stealth
   437 | D        | Reached skill level 1 in Ice Magic
   437 | D        | Reached XP level 9. HP: 41/41 MP: 20/22
   437 | D        | Killed a two-headed ogre
   437 | D        | Reached **** piety under Dithmenos
   438 | D        | Reached skill level 23 in Stealth
   460 | D        | Noticed a wandering mushroom
   465 | D        | Noticed a wandering mushroom
   465 | D        | Noticed a wandering mushroom
   470 | D        | Killed a wandering mushroom
   473 | D        | Killed a wandering mushroom
   474 | D        | Reached skill level 24 in Stealth
   479 | D        | Killed a wandering mushroom
   554 | D        | Noticed an orc high priest
   561 | D        | Noticed a sun demon
   563 | D        | Killed an orc high priest
   563 | D        | Reached ***** piety under Dithmenos
   564 | D        | Reached skill level 25 in Stealth
   564 | D        | Reached XP level 10. HP: 46/46 MP: 16/24
   565 | D        | Found Uffast's Assorted Antiques.
   597 | D        | Reached ****** piety under Dithmenos
   652 | D        | Bought a potion of flight for 66 gold pieces
   652 | D        | Bought a metallic silvery potion for 19 gold pieces
   652 | D        | Bought 2 potions of curing for 132 gold pieces
   652 | D        | Bought a scroll labelled FOILA UNAI for 22 gold pieces
   652 | D        | Bought a jewelled lead wand for 88 gold pieces
   724 | D        | Noticed Sigmund
   724 | D        | Noticed Edmund
   745 | D        | HP: 1/69 [rock wall collision (20)]
   750 | D        | Mangled by Edmund

Illustrated notes

Levels and vault maps discovered:
D:        dungeon_sprint_mu [sprint_mu_entry_cave, sprint_mu_temple_rooms,
          sprint_mu_d1_spiders, sprint_mu_d2_genie, sprint_mu_d3_branching,
          sprint_mu_orc_legion, sprint_mu_elf_gauntlet, sprint_mu_hive_nellie,
          sprint_mu_lair_fedhas, sprint_mu_vaults_butterflies,
          sprint_mu_slime_circle, sprint_mu_shoals_kraken,
          sprint_mu_snake_twists, sprint_mu_blade_basic, sprint_mu_crypt_lich,
          sprint_mu_tomb_spiral, sprint_mu_vestibule_basic,
          sprint_mu_gehenna_hellfire, sprint_mu_dis_giant,
          sprint_mu_tartarus_statrot, sprint_mu_cocytus_islands, sprint_mu_zot1]

Skill      XL: |  1  2  3  4  5  6  7  8  9 |
---------------+----------------------------+-----
Stealth        | 8 10 16 18 22 25 | 25.8
Hexes          | 6 7 10 11 12 | 12.6
Short Blades   | 2 3 5 7 8 |  8.0
Dodging        | 4 5 7 8 9 |  9.4
Spellcasting   | 4 5 6 7 8 9 |  9.2
Fighting       | 1 |  1.4
Ice Magic      | 1 2 |  2.2
Conjurations   | |  0.4
Invocations    | |  0.5

Action                   |  1- 3 |  4- 6 |  7- 9 | 10-12 || total
-------------------------+-------+-------+-------+-------++-------
Melee: Dagger            |    18 |     6 |    28 |    51 ||   103
       Punch             |       |       |       |     1 ||     1
 Cast: Ensorcelled Hiber |       |       |     3 |       ||     3
       Dazzling Flash    |       |       |     2 |     4 ||     6
       Confusing Touch   |       |       |     2 |       ||     2
Invok: Shadow Step       |       |       |     1 |     1 ||     2
  Use: Potion            |       |       |     1 |     4 ||     5
 Stab: Sleeping          |     4 |     6 |    15 |       ||    25
       Invisible         |       |       |     2 |    14 ||    16
       Confused          |       |       |     2 |       ||     2
Armor: Robe              |     2 |       |       |     1 ||     3
Dodge: Dodged            |     8 |       |    10 |    81 ||    99

Table legend: (Time is in decaauts)
 A = Elapsed time spent in this place.
 B = Non-inter-level travel time spent in this place.
 C = Inter-level travel time spent in this place.
 D = Time resting spent in this place.
 E = Time spent auto-exploring this place.
 F = Levels seen in this place.
 G = Mean time per level.
                   A        B        C        D        E       F      G
               +--------+--------+--------+--------+--------+-----+--------+
         Total |    578 |    569 |      9 |    200 |      9 |   1 |  578.0 |
       Dungeon |    578 |    569 |      9 |    200 |      9 |   1 |  578.0 |
               +--------+--------+--------+--------+--------+-----+--------+

Top non-repeatable levels by time:
       D: 578 daAuts
